AoeStats
← 笨狸特爱玩

African Clearing

505204218Analyzed
4v4 RM · 25d ago on Sep 8, 2026· 41m 6s· 8 players
Game mode
Random Map
Map size
Large (8 player)
Population
200
Speed
Normal
Resources
Standard
Victory
Conquest
Starting age
Dark Age
Ending age
Imperial Age
RankedLock teamsTeams togetherTeam positionsShared explorationLock speedFull tech treeHidden civsTurbo modeCheats
Victory
Defeat
🇨🇳 Malians · China
1279
+16
🇻🇳 Franks · Vietnam
1276
+16
🇺🇸 Magyars · United States
1270
+16
🇮🇩 Lithuanians · Indonesia
1209
+19
🇷🇺 Huns · Russia
1330
-18
🇹🇷 Dravidians · Türkiye
1300
-18
🇬🇧 Gurjaras · United Kingdom
1275
-17
🇵🇱 Goths · Poland
1210
-14
TempYuraa
15:07 Feudal Age
18:43 Castle Age
17:03 Double-Bit Axe
16:59 Horse Collar
19:35 Bow Saw
19:27 Heavy Plow
20:55 Forging
21:19 Gold Mining
27:09 Wheelbarrow
28:32 Scale Barding Armor
28:21 Loom
31:29 Hand Cart
32:12 Iron Casting
32:06 Hill Forts
32:55 Chain Barding Armor
32:16 Light Cavalry
33:06 Bloodlines
34:16 Bloodlines
34:06 Husbandry
35:32 Devotion
38:29 Imperial Age
36:21 Scale Mail Armor
36:50 Town Watch
37:24 Chain Mail Armor
36:32 Pikeman
37:12 Squires
36:57 Arson
39:01 Elite Leitis
39:59 Town Patrol
40:42 Conscription
40:25 Tower Shields
40:23 Winged Hussar
L-loin
13:14 Feudal Age
11:31 Loom
18:10 Castle Age
17:16 Fishing Lines
17:55 Double-Bit Axe
笨狸特爱玩
5:45 Loom
13:22 Feudal Age
17:16 Castle Age
15:36 Double-Bit Axe
16:17 Horse Collar
18:41 Bow Saw
19:23 Heavy Plow
22:50 Scale Barding Armor
25:56 Chain Barding Armor
28:10 Gold Mining
28:47 Bloodlines
30:52 Husbandry
32:43 Wheelbarrow
34:06 Hand Cart
35:12 Gold Shaft Mining
34:27 Stone Mining
37:44 Imperial Age
38:47 Conscription
39:32 Two-Man Saw
37:55 Cavalier
39:11 Plate Barding Armor
39:13 Paladin
40:26 Town Watch
Nguyen_Tea
4:16 Loom
13:38 Feudal Age
19:10 Castle Age
17:09 Double-Bit Axe
17:35 Gold Mining
24:54 Wheelbarrow
25:52 Bow Saw
27:53 Hand Cart
27:24 Town Watch
27:36 Stone Mining
29:34 Gold Shaft Mining
34:31 Imperial Age
33:00 Husbandry
33:06 Scale Barding Armor
33:12 Forging
32:53 Fletching
34:41 Chain Barding Armor
34:37 Cavalier
35:56 Iron Casting
35:29 Capped Ram
37:41 Plate Barding Armor
36:55 Light Cavalry
38:59 Paladin
41:17 Blast Furnace
40:18 Scale Mail Armor
Comrade Toad
5:20 Loom
15:42 Feudal Age
16:41 Double-Bit Axe
17:29 Horse Collar
22:54 Castle Age
21:22 Gold Mining
24:15 Bloodlines
24:53 Scale Barding Armor
24:59 Forging
25:41 Bow Saw
32:56 Chain Barding Armor
33:10 Husbandry
34:38 Wheelbarrow
33:49 Town Watch
36:08 Heavy Plow
Malakai
14:11 Feudal Age
19:02 Castle Age
18:06 Horse Collar
18:14 Double-Bit Axe
20:19 Wheelbarrow
29:48 Pikeman
35:53 Scale Mail Armor
36:04 Forging
37:54 Squires
38:55 Hand Cart
39:34 Heavy Plow
42:50 Imperial Age
40:44 Chain Mail Armor
41:05 Iron Casting
Ekx_21_Pro_Max
8:25 Loom
13:29 Feudal Age
15:11 Bloodlines
16:57 Forging
16:52 Scale Barding Armor
chakar
15:13 Feudal Age
15:54 Double-Bit Axe
15:59 Horse Collar
16:29 Stone Mining
18:48 Castle Age
20:06 Bow Saw
21:02 Loom
21:44 Heavy Plow
25:25 Wheelbarrow
28:44 Gold Mining
33:56 Imperial Age
32:39 Fletching
33:39 Bodkin Arrow
34:00 Padded Archer Armor
35:22 Ballistics
35:28 Conscription
36:30 Bracer
39:59 Chemistry
Connection lost

Rejoining the realm…

Still unreachable

The connection could not be restored.

Session expired

The server has moved on; the page needs a fresh start.